Unix NetHack Version 3.7.0-86 Work-in-progress - last build May 30 2023 01:50:43 (cc98dc9aa62a9957b082a042edf5bd7ec9f632c7,branch:master). Game began 2023-06-01 11:45:40, ended 2023-06-02 19:31:53. tromix, chaotic female human Barbarian --- --.-- |...| --...-- |.....-- ---|.0.)..| --------------.| -...).--- |..............----.).)....- |................<.[h).----- ------------......:fG)..--------- -.------.@...........- ..-- .......-------- .... .(..---..- ..... ..... |G.G ........... -G... ............ ...... |............ ....... --.......... ......... |...|..... .--.......| --.---.--- -- ..|.|.-- -- -- ------- Tromix the Pillager St:18 Dx:18 Co:18 In:7 Wi:8 Ch:6 Chaotic Dlvl:3 $:15 HP:0(48) Pw:10(12) AC:6 Exp:4 T:913 Latest messages: The kitten eats a dwarf corpse. The gnome lord wields 3 daggers! The daggers weld themselves to the gnome lord's hand! The dwarf picks up 2 arrows. The gnome lord shoots an arrow! An arrow misses you. You smite the gnome lord! The gnome lord thrusts one of his daggers. The gnome lord hits! The dwarf throws a dart! The dart hits the kitten. You kill the gnome lord! Welcome to experience level 4. The gnome throws a dart! You are hit by a dart. You smite the dwarf! The dwarf swings his dwarvish mattock. The dwarf hits! The gnome picks up 3 cursed daggers. You smite the dwarf. You miss the dwarf. The dwarf swings his dwarvish mattock. The dwarf hits! The dwarf picks up a dart. The gnome wields 3 cursed daggers! The daggers weld themselves to the gnome's hand! The gnome shoots an arrow! An arrow misses you. Are you sure you want to pray? [yn] (n) y You begin praying to Set. You are surrounded by a shimmering light. The gnome starts to attack you, but pulls back. You finish your prayer. You feel that Set is well-pleased. You smite the gnome! The dwarf swings his dwarvish mattock. The dwarf hits! The gnome lord shoots an arrow! You are hit by an arrow. You feel your magical energy drain away. The gnome thrusts one of his daggers. The gnome hits! The gnome shoots 2 crossbow bolts! You are hit by the 1st crossbow bolt. You die... Do you want your possessions identified? [ynq] (y) y Do you want to see your attributes? [ynq] (y) y Do you want an account of creatures vanquished? [ynaq] (y) y Do you want to see your conduct and achievements? [ynq] (y) y Do you want to see the dungeon overview? [ynq] (y) y Inventory: Coins $ - 15 gold pieces Weapons i - 11 blessed +4 darts (at the ready) k - 9 +0 darts b - a +0 axe (alternate weapon; not wielded) a - a +0 two-handed sword (weapon in hands) Armor m - an uncursed +0 orcish helm p - an uncursed +0 orcish helm (being worn) j - an uncursed +0 elven mithril-coat c - an uncursed +0 ring mail (being worn) Comestibles g - 2 uncursed slime molds d - an uncursed food ration e - an uncursed food ration l - 2 uncursed tripe rations Spellbooks h - an uncursed spellbook of slow monster Potions o - an uncursed potion of healing Tools F - an uncursed oil lamp Gems/Stones f - an uncursed agate stone r - an uncursed worthless piece of violet glass Tromix the Barbarian's attributes: Background: You were a Pillager, a level 4 female human Barbarian. You were chaotic, on a mission for Set who was opposed by Mitra (lawful) and Crom (neutral). You were in the Gnomish Mines, on level 3. You entered the dungeon 913 turns ago. You had 94 experience points, 66 more were needed to attain level 5. Basics: You had 0 out of 48 hit points. You had 10 out of 12 energy points (spell power). Your armor class was 6. Your wallet contained 15 zorkmids. Autopickup was off. Final Characteristics: Your strength was 18 (limit:18/100). Your dexterity was 18 (limit:18). Your constitution was 18 (limit:18). Your intelligence was 7 (limit:18). Your wisdom was 8 (limit:18). Your charisma was 6 (limit:18). Final Status: You were not hungry. You were unencumbered. You were wielding a two-handed sword. You had basic skill with two-handed sword. Final Attributes: You were devoutly aligned. You were poison resistant. You were warded. You are dead. Miscellaneous: You disabled loading of bones levels. Total elapsed playing time was 5 minutes and 56 seconds. Major events: Turn 1: tromix the chaotic female human Barbarian entered the dungeon 562: entered the Gnomish Mines 641: attained the rank of Pillager (level 3) 913: killed by a crossbow bolt Vanquished creatures: a shrieker a gnome leader a dwarf 2 giant rats 4 gnomes 2 foxes 2 kobolds 2 goblins a grid bug 3 lichens a kobold zombie 4 newts 24 creatures vanquished. No species were genocided or became extinct. Voluntary challenges: You were illiterate. You never engraved Elbereth. You never genocided any monsters. You never polymorphed an object. You never changed form. You used no wishes. Achievements: You entered the Gnomish Mines. You attained the rank of Pillager. The Dungeons of Doom: levels 1 to 3 Level 1: A sink. Level 2: Some fountains. Stairs down to The Gnomish Mines. Level 3: The Gnomish Mines: Level 3: <- You were here. Final resting place for you, killed by a crossbow bolt. Game over: ---------- / \ / REST \ / IN \ / PEACE \ / \ | tromix | | 15 Au | | killed by a | | crossbow bolt | | | | | | 2023 | *| * * * | * _________)/\\_//(\/(/\)/\//\/|_)_______ Goodbye tromix the Barbarian... You died in The Gnomish Mines on dungeon level 3 with 490 points, and 15 pieces of gold, after 913 moves. You were level 4 with a maximum of 48 hit points when you died.